 Dungeon Crawl Stone Soup version 0.27-a0-1196-g3e9cee4cb2 (webtiles) character file.

Game seed: 2440695543177664387

36 EnegeticOcto the Stinger (level 3, -1/25 HPs)
             Began as a Gnoll Venom Mage on May 28, 2021.
             Slain by a black bear (2 damage)
             ... on level 4 of the Dungeon.
             The game lasted 00:02:04 (281 turns).

EnegeticOcto the Stinger (Gnoll Venom Mage)          Turns: 281, Time: 00:02:05

Health: -1/25      AC:  2    Str:  7    XL:     3   Next: 37%
Magic:  1/9        EV: 13    Int: 15    God:
Gold:   7          SH:  0    Dex: 12    Spells: 9/12 levels left

rFire    . . .     SeeInvis .   (no weapon)
rCold    . . .     Faith    .   (no shield)
rNeg     . . .     Spirit   .   a - +0 robe
rPois    .         Reflect  .   (no helmet)
rElec    .         Harm     .   (no cloak)
rCorr    .         Rampage  .   (no gloves)
Will     .....                  (no boots)
Stlth    ++........             (no amulet)
HPRegen  0.08/turn              (no ring)
MPRegen  0.11/turn              (no ring)

@: no status effects
A: fangs 1, strong nose, distributed training
a: no special abilities


You were on level 4 of the Dungeon.
You visited 1 branch of the dungeon, and saw 4 of its levels.

You collected 7 gold pieces.

Inventory:

Missiles
 b - 14 poisoned darts (quivered)
Armour
 a - a +0 robe (worn)
Scrolls
 d - a scroll of summoning
Potions
 e - a potion of curing {@q1 !q}


   Skills:
 + Level 0.7 Fighting
 + Level 0.7 Short Blades
 + Level 0.7 Long Blades
 + Level 0.7 Axes
 + Level 0.7 Maces & Flails
 + Level 0.7 Polearms
 + Level 0.7 Staves
 + Level 0.7 Slings
 + Level 0.7 Bows
 + Level 0.7 Crossbows
 + Level 0.7 Throwing
 + Level 0.7 Armour
 + Level 4.5 Dodging
 + Level 4.1 Stealth
 + Level 0.7 Shields
 + Level 0.7 Unarmed Combat
 + Level 5.0 Spellcasting
 + Level 0.5 Conjurations
 + Level 0.5 Hexes
 + Level 0.5 Summonings
 + Level 0.5 Necromancy
 + Level 0.5 Translocations
 + Level 2.1 Transmutations
 + Level 0.5 Fire Magic
 + Level 0.5 Ice Magic
 + Level 0.5 Air Magic
 + Level 0.5 Earth Magic
 + Level 5.4 Poison Magic
 + Level 0.9 Invocations
 + Level 0.7 Evocations


You had 9 spell levels left.
You knew the following spells:

 Your Spells              Type           Power      Damage    Failure   Level
a - Sting                 Tmut/Pois      60%        1d6       3%          1
b - Poisonous Vapours     Pois/Air       24%        N/A       8%          2

Your spell library contained the following spells:

 Spells                   Type           Power      Damage    Failure   Level
 Ignite Poison            Fire/Tmut/Pois 11%        N/A       16%         3
 Olgreb's Toxic Radiance  Pois           20%        N/A       17%         4
 Mephitic Cloud           Conj/Pois/Air  10%        N/A       21%         3


Dungeon Overview and Level Annotations

Branches:
Dungeon (4/15)
 Temple: D:4-7

Altars:


Innate Abilities, Weirdness & Mutations

You have very sharp teeth.
Your uncanny sense of smell can sniff out nearby items.
Your experience applies equally to all skills.


Message History

There is a stone staircase leading up here.
You see here 17 stones.
Found 22 stones.
e - 2 amethyst potions (gained 1)
Found a scroll labelled GINTAT LOSTRUDY.
f - a scroll labelled GINTAT LOSTRUDY
As you read the scroll labelled GINTAT LOSTRUDY, it crumbles to dust.
It is a scroll of amnesia.
Really abort (and waste the scroll)?
Okay, then.
As you read the scroll labelled NAYHAH WESA, it crumbles to dust.
It is a scroll of identify.
d - a scroll of summoning
As you read the scroll of identify {@r1}, it crumbles to dust.
e - 2 potions of curing A giant cockroach comes into view.
Throw: 15 darts (poison)
Press: ? - help, Q - select action, (/) - cycle Shift-Dir - straight line, f - giant cockroach
Aim: a giant cockroach (56% to hit)
You throw a poisoned dart.
The poisoned dart closely misses the giant cockroach.
Found an escape hatch in the floor.
The giant cockroach barely misses you. x2
Casting: Sting (safe; 3% risk of failure)
Confirm with . or Enter, or press ? or * to list all spells.
Aiming: Sting (safe; 3% risk of failure)
Press: ? - help, Shift-Dir - straight line, f/p - giant cockroach
Aim: a giant cockroach (74% to hit)
The sting hits the giant cockroach but does no damage.
The giant cockroach is poisoned.
The giant cockroach bites you but does no damage.
You kill the giant cockroach!
Found a stone staircase leading up.
A bullfrog skeleton comes into view.
There is an escape hatch in the floor here.
Really go through this one-way escape hatch?
The bullfrog skeleton closely misses you.
You slide downwards.
The hatch slams shut behind you.
A black bear and an ufetubus come into view.
Found 11 poisoned darts and a crooked fluorescent wand.
Found a stone staircase leading up.
Casting: Sting (safe; 3% risk of failure)
Confirm with . or Enter, or press ? or * to list all spells.
Aiming: Sting (safe; 3% risk of failure)
Press: ? - help, Shift-Dir - straight line, f - ufetubus
Aim: an ufetubus (asleep, 100% to hit)
The sting hits the ufetubus.
The ufetubus is poisoned.
The ufetubus is moderately wounded.
The ufetubus shouts!
The ufetubus hits you but does no damage.
The ufetubus closely misses you.
Casting: Sting (safe; 3% risk of failure)
Confirm with . or Enter, or press ? or * to list all spells.
Aiming: Sting (safe; 3% risk of failure)
Press: ? - help, Shift-Dir - straight line, f/p - ufetubus
Aim: an ufetubus (moderately wounded, poisoned, 57% to hit)
The sting hits the ufetubus.
The ufetubus looks even sicker.
The ufetubus is severely wounded.
The ufetubus closely misses you. The ufetubus hits you. x3
You kill the ufetubus!
Found 18 gold pieces.
Casting: Sting (safe; 3% risk of failure)
Confirm with . or Enter, or press ? or * to list all spells.
Aiming: Poisonous Vapours (safe; 8% risk of failure)
Press: ? - help, Dir - move target, f - black bear
Aim: a black bear Poisonous vapours surround the black bear!
Casting: Poisonous Vapours (safe; 8% risk of failure)
Confirm with . or Enter, or press ? or * to list all spells.
Aiming: Poisonous Vapours (safe; 8% risk of failure)
Press: ? - help, Dir - move target, f/p - black bear
Aim: a black bear Poisonous vapours surround the black bear!
The black bear is engulfed in poison gas.
The black bear is poisoned.
Casting: Poisonous Vapours (safe; 8% risk of failure)
Confirm with . or Enter, or press ? or * to list all spells.
Aiming: Poisonous Vapours (safe; 8% risk of failure)
Press: ? - help, Dir - move target, f/p - black bear
Aim: a black bear (lightly wounded, poisoned) Poisonous vapours surround the black bear!
The black bear looks even sicker.
Casting: Poisonous Vapours (safe; 8% risk of failure)
Confirm with . or Enter, or press ? or * to list all spells.
Aiming: Sting (safe; 3% risk of failure)
Press: ? - help, Shift-Dir - straight line, f/p - black bear
Aim: a black bear (lightly wounded, very poisoned, 81% to hit)
The sting hits the black bear.
The black bear looks even sicker.
The black bear is moderately wounded.
The black bear barely misses you. The black bear claws you.
* * * LOW HITPOINT WARNING * * *
The black bear claws you but does no damage.
Really quaff
e - 2 potions of curing {@q1 !q}?
You feel better.
The black bear goes berserk!
The black bear closely misses you. The black bear claws you.
The black bear barely misses you. The black bear bites you.
The black bear claws you!
* * * LOW HITPOINT WARNING * * *
The black bear claws you.
You die...

##### #...# ####
###...#
.....##...h@####
...................
..............#####
...........<..#
...............#
$................
..............###
......(.......#
......./.....#..


You could see a black bear (berserk, very poisoned).

Vanquished Creatures
  2 adders
  An ufetubus (D:4)
  An orc (D:3)
  An endoplasm (D:3)
  A giant cockroach (D:3)
  A goblin (D:2)
  A jackal (D:2)
  A ball python (D:2)
  2 bats (D:2)
  A kobold (D:3)
  2 rats
14 creatures vanquished.

Notes
Turn   | Place    | Note
-------+----------+-------------------------------------------
     0 | D:1      | EnegeticOcto the Gnoll Venom Mage began the quest for the
                  | Orb.
     0 | D:1      | Reached XP level 1. HP: 13/13 MP: 6/6
    80 | D:2      | Reached skill level 2 in Transmutations
    87 | D:2      | Reached XP level 2. HP: 5/20 MP: 0/7
   116 | D:2      | Learned a level 2 spell: Poisonous Vapours
   185 | D:3      | Reached skill level 5 in Spellcasting
   185 | D:3      | Reached XP level 3. HP: 11/25 MP: 1/9
   267 | D:4      | Noticed a black bear
   281 | D:4      | HP: 1/25 [black bear (7)]
   281 | D:4      | Slain by a black bear

Illustrated notes

Levels and vault maps discovered:
D:1:      pf_arrival_petrified_forest, layout_basic, serial_shops, shop_statue,
          ebering_ecumenical_altar_webs, serial_glass, glass_columns_c,
          glass_columns_a, glass_columns_a, glass_columns_a, glass_columns_a
D:2:      layout_basic, minmay_split_cup_large, uniq_crazy_yiuf_cottage
D:3:      layout_basic, kennysheep_ying_yang, gammafunk_temple_overflow_wave,
          serial_shops, shop, grunt_ministairs_13
D:4:      layout_rooms, nicolae_dithmenos_shadow_blocks,
          minmay_temple_entry_mini_moons

Skill      XL: |  1  2 |
---------------+-------+-----
Transmutations | 2 |  2.1
Spellcasting   | 5 |  5.0
Fighting       | |  0.7
Short Blades   | |  0.7
Long Blades    | |  0.7
Axes           | |  0.7
Maces & Flails | |  0.7
Polearms       | |  0.7
Staves         | |  0.7
Slings         | |  0.7
Bows           | |  0.7
Crossbows      | |  0.7
Throwing       | |  0.7
Armour         | |  0.7
Dodging        | |  4.5
Stealth        | |  4.1
Shields        | |  0.7
Unarmed Combat | |  0.7
Conjurations   | |  0.5
Hexes          | |  0.5
Summonings     | |  0.5
Necromancy     | |  0.5
Translocations | |  0.5
Fire Magic     | |  0.5
Ice Magic      | |  0.5
Air Magic      | |  0.5
Earth Magic    | |  0.5
Poison Magic   | |  5.4
Invocations    | |  0.9
Evocations     | |  0.7

Action                   || total
-------------------------++-------
Melee: Unarmed           ||     2
Throw: Dart              ||     7
 Cast: Sting             ||    22
       Poisonous Vapours ||     3
  Use: Scroll            ||     3
       Potion            ||     1
Armor: Robe              ||     8
Dodge: Dodged            ||    27

Table legend: (Time is in decaauts)
 A = Elapsed time spent in this place.
 B = Non-inter-level travel time spent in this place.
 C = Inter-level travel time spent in this place.
 D = Time resting spent in this place.
 E = Time spent auto-exploring this place.
 F = Levels seen in this place.
 G = Mean time per level.
                   A        B        C        D        E       F      G
               +--------+--------+--------+--------+--------+-----+--------+
         Total |    279 |    274 |      5 |      0 |      0 |   4 |   69.8 |
       Dungeon |    279 |    274 |      5 |      0 |      0 |   4 |   69.8 |
               +--------+--------+--------+--------+--------+-----+--------+

Top non-repeatable levels by time:
     D:3: 141 daAuts
     D:2: 86 daAuts
     D:1: 38 daAuts
     D:4: 13 daAuts
